 Dungeon Crawl Stone Soup version 0.23-a0-151-gf6d1ed2717 (webtiles) character file.

96089 Jesh the Unseen (level 15, 0/79 HPs)
             Began as a Spriggan Enchanter on Sept 8, 2018.
             Was the Champion of Dithmenos.
             Slain by yrara's ghost (20 damage)
             ... on level 2 of the Orcish Mines.
             The game lasted 01:19:51 (30998 turns).

Jesh the Unseen (Spriggan Enchanter)               Turns: 30998, Time: 01:19:59

Health: 0/79       AC:  7    Str: 21    XL:     15   Next: 68%
Magic:  8/42       EV: 31    Int: 26    God:    Dithmenos [******]
Gold:   2423       SH:  4    Dex: 17    Spells: 25/40 levels left

rFire    + . .     SeeInvis +   w - +8 short sword (freeze)
rCold    + + +     Gourm    +   (shield restricted)
rNeg     + . .     Faith    .   W - +2 robe {MR+}
rPois    +         Spirit   .   (helmet restricted)
rElec    .         Reflect  .   B - +2 cloak {rPois}
rCorr    .         Harm     .   (gloves unavailable)
MR       +++..                  (boots unavailable)
Stlth    ++++++++++             u - amulet "Ustih" {Gourm MP+9 Str+7 Int+5}
HPRegen  0.23/turn              T - ring of Doubts {+Blink rF+ rC+ Str+6 Int-4}
MPRegen  0.28/turn              R - ring "Tyschuig" {*Contam rC++ rN+ Int+4}

@: wreathed by umbra, very quick
A: very small, unfitting armour, large bone plates 1, see invisible, clever 1,
herbivore, speed 3, slow metabolism 2
a: Shadow Step, Shadow Form, Renounce Religion, Evoke Blink


You were on level 2 of the Orcish Mines.
You worshipped Dithmenos.
Dithmenos was exalted by your worship.
You were not hungry.

You visited 5 branches of the dungeon, and saw 25 of its levels.
You also visited: Sewer, Ossuary, Bailey and Ice Cave.

You collected 2423 gold pieces.

Inventory:

Hand Weapons
 i - a +0 rapier
 w - a +8 short sword of freezing (weapon)
 N - the +11 dagger "Feugilalo" {freeze, rF- rC+++ Str-4 Stlth+}
   (You found it on level 5 of the Lair of Beasts)

   It has been specially enchanted to freeze those struck by it, causing extra
   injury to most foes and up to half again as much damage against particularly
   susceptible opponents.
   It can also slow down cold-blooded creatures.
   It affects your strength (-4).
   It makes you vulnerable to fire.
   It renders you almost immune to cold.
   It makes you more stealthy.
Missiles
 l - a throwing net (quivered)
Armour
 B - a +2 cloak of poison resistance (worn)
 W - a +2 robe of magic resistance (worn)
Jewellery
 m - a +5 ring of strength
 u - the amulet "Ustih" (around neck) {Gourm MP+9 Str+7 Int+5}
   (You took it off a gnoll on level 4 of the Dungeon)

   [amulet of the gourmand]

   It allows you to eat raw meat even when not hungry.
   It affects your strength (+7).
   It affects your intelligence (+5).
   It affects your magic capacity (+9).
 Q - an uncursed ring of fire
 R - the ring "Tyschuig" (right hand) {*Contam rC++ rN+ Int+4}
   (You found it on level 12 of the Dungeon)

   [ring of positive energy]

   It affects your intelligence (+4).
   It greatly protects you from cold.
   It protects you from negative energy.
   It causes magical contamination when unequipped.
 S - the ring "Cyn Tugo" {+Fly EV+3 Int+2}
   (You found it on level 5 of the Lair of Beasts)

   [ring of evasion]

   It affects your evasion (+3).
   It affects your intelligence (+2).
   It lets you fly.
 T - the ring of Doubts (left hand) {+Blink rF+ rC+ Str+6 Int-4}
   (You took it off a wizard on level 12 of the Dungeon)

   [ring of protection from cold]

   It affects your strength (+6).
   It affects your intelligence (-4).
   It protects you from fire.
   It protects you from cold.
   It lets you blink.
Wands
 s - a wand of polymorph (14)
 C - a wand of enslavement (11)
 G - a wand of acid (20)
 H - a wand of flame (35)
 L - a wand of digging (24)
 V - a wand of iceblast (5)
Scrolls
 a - 2 scrolls of teleportation
 g - 3 scrolls of blinking
 h - 5 scrolls of amnesia
 o - 10 scrolls of remove curse
 v - 2 scrolls of silence
 y - a scroll of immolation
 A - 2 scrolls of fog
 F - 3 scrolls of fear
 J - a scroll of holy word
 P - 3 scrolls of magic mapping
 U - 2 scrolls of identify
Potions
 c - 3 potions of ambrosia
 e - a potion of resistance
 f - 2 potions of brilliance
 j - 3 potions of heal wounds
 k - 11 potions of lignification
 n - 4 potions of agility
 p - 6 potions of curing
 q - 4 potions of cancellation
 t - 5 potions of flight
 z - 6 potions of magic
 D - 5 potions of haste
 E - 5 potions of mutation
 K - a potion of invisibility
 M - 5 potions of might
Miscellaneous
 r - 2 sacks of spiders
 O - a lightning rod (3/4)
Comestibles
 d - 24 rations


   Skills:
 + Level 9.2 Fighting
 + Level 12.1 Short Blades
 + Level 15.1 Dodging
 + Level 20.6 Stealth
 + Level 13.4 Spellcasting
 + Level 13.7 Hexes


You had 25 spell levels left.
You knew the following spells:

 Your Spells              Type           Power        Failure   Level  Hunger
a - Ensorcelled Hibernat  Hex/Ice        ######       1%          2    None
b - Corona                Hex            ######.      0%          1    None
c - Confuse               Hex            ######..     1%          3    None
d - Tukima's Dance        Hex            ######..     1%          3    None
e - Dazzling Spray        Conj/Hex       ######       1%          3    None
f - Spectral Weapon       Hex/Chrm       ######..     1%          3    None

Your spell library contained the following spells:

 Spells                   Type           Power        Failure   Level  Hunger
 Infusion                 Chrm           ###.         3%          1    None
 Shock                    Conj/Air       ###.         3%          1    None
 Shroud of Golubria       Chrm/Tloc      ###.......   4%          2    None
 Song of Slaying          Chrm           ###.....     4%          2    None
 Swiftness                Chrm/Air       ###.....     4%          2    None
 Regeneration             Chrm/Necr      ###.......   10%         3    None
 Static Discharge         Conj/Air       ###.....     10%         3    None
 Airstrike                Air            ###.......   32%         4    None
 Lightning Bolt           Conj/Air       ###.......   65%         5    ##.....


Dungeon Overview and Level Annotations

Branches:
Dungeon (15/15)            Temple (1/1) D:7            Lair (6/6) D:9
  Swamp (0/4) Lair:3        Snake (0/4) Lair:2        Slime (1/5) Lair:6
    Orc (2/2) D:9             Elf (0/3) Orc:2        Vaults (0/5) D:13
 Depths (0/5) D:15

Altars:
Ashenzari
Cheibriados
Dithmenos
Elyvilon
Fedhas
Gozag
Hepliaklqana
Kikubaaqudgha
Makhleb
Nemelex Xobeh
Okawaru
Qazlal
Ru
Sif Muna
Trog
Uskayaw
Vehumet
Wu Jian
Xom
Yredelemnul
Zin
The Shining One
Beogh
Jiyva

Shops:
D:8 =   Orc:2 *=([

Portals:
Trove: D:15 (give +3 storm dragon scales)

Annotations:
Lair:2 3 runed doors, Xiuny's ghost, journeyman GrFi
Orc:2 yrara's ghost, journeyman DsFi


Innate Abilities, Weirdness & Mutations

You are very small and have problems with some larger weapons.
You are too small for most types of armour.
You have supernaturally acute eyesight. (SInv)
You are a herbivore.
You cover ground extremely quickly.
You need to consume almost no food.
You are partially covered in large bone plates. (SH +4)
Your mind is acute. (Int +2)


Message History

Lightning courses through your orc priest!
Your orc priest dies!
Your orc priest's corpse dissolves into shadows!
Your orc hits yrara's ghost but does no damage.
Your troll bites yrara's ghost.
Your troll closely misses yrara's ghost.
Your troll claws yrara's ghost.
Yrara's ghost barely misses you.
You barely miss yrara's ghost.
Yrara's ghost is lightly damaged.
Your orc closely misses yrara's ghost.
Your orc wizard hits yrara's ghost but does no damage.
Your ogre barely misses yrara's ghost.
You puncture yrara's ghost! You freeze yrara's ghost.
Yrara's ghost is moderately damaged.
Your troll barely misses yrara's ghost.
Your troll claws yrara's ghost but does no damage. x2
Yrara's ghost hits you!!
* * * LOW HITPOINT WARNING * * *
You are electrocuted!
You die...

#.#.## #.......## .....#
##.##.### #.#.## #...### ###
###.# ##.#))###.## ##<.####
#..))##....# ....##.##
#...).....## ........##
#####..T)...##
.........###.#...Wo....###
........###.....@oO......##
...........#.....o........##
...........#.............#.##
.....<......................###
..............................#
....#.........................###
..###.............###...........#
.## #............## #............
.#####...........# ##...........


You could see yrara's ghost, a friendly troll, a friendly ogre, a friendly orc
wizard and 2 friendly orcs.

Vanquished Creatures
  Saint Roka (Orc:2)
  An acid blob (Slime:1)
  Frances (D:13)
  2 entropy weavers (Lair:5)
  Nessos (D:12)
  5 dire elephants (Lair:6)
  Josephine (D:11)
  Fannar (Lair:3)
  4 hydras
  4 ghost crabs (Lair:5)
  A catoblepas (D:14)
  3 centaur warriors (D:14)
  An ogre mage (D:12)
  An anaconda (Lair:6)
  2 two-headed ogres
  Erica (D:9)
  A tengu warrior (D:15)
  Urug (Orc:2)
  An orc high priest (Orc:2)
  Nergalle (Orc:2)
  5 fire crabs (Lair:5)
  A fire crab (shapeshifter) (D:13)
  2 unseen horrors
  A harpy (shapeshifter) (D:12)
  A wolf spider zombie (D:14)
  A necromancer (D:15)
  8 orc knights
  2 wizards
  A deep elf mage (D:13)
  2 shining eyes (Slime:1)
  3 orc sorcerers
  A manticore (shapeshifter) (D:13)
  An oklob plant (Lair:5)
  2 manticores
  23 ugly things
  3 cyclopes
  5 black mambas
  4 elephants (Lair:6)
  An apocalypse crab (Lair:5)
  A guardian serpent (shapeshifter) (D:13)
  An ice statue (IceCv)
  Joseph (D:8)
  A gargoyle (D:10)
  3 naga magi (D:15)
  8 spiny frogs
  5 centaur skeletons
  9 komodo dragons
  2 rime drakes
  A kobold demonologist (D:14)
  2 yaktaurs (D:12)
  2 ice devils (D:11)
  A tengu conjurer (D:15)
  8 trolls
  A slime creature (Slime:1)
  2 hornets (D:14)
  5 blink frogs (Lair:3)
  12 hippogriffs
  4 dream sheep (Lair:5)
  2 meliai zombies
  3 centaur simulacra
  A shadow (D:12)
  37 yaks
  9 wraiths
  3 wyverns
  2 basilisks
  3 hungry ghosts
  2 vampire mosquitoes (D:14)
  4 wargs
  A soldier ant (D:13)
  An acid dragon (D:12)
  14 water moccasins
  6 porcupines
  6 sky beasts
  4 ice beasts
  42 orc warriors
  2 hornet zombies
  16 ogres
  3 black bears
  6 necrophages
  A phantom (D:6)
  3 wolves (Lair:1)
  An eye of draining (D:11)
  12 centaurs
  12 crocodiles
  6 big kobolds
  Blork the orc (Orc:2)
  14 bullfrogs
  15 scorpions
  4 killer bees (D:11)
  13 wights
  2 howler monkeys
  An electric eel (D:12)
  9 crimson imps
  4 centaur zombies
  3 jellies
  2 bullfrog skeletons
  22 orc priests
  2 human zombies (Ossuary)
  A gnoll shaman (D:8)
  3 hounds
  31 orc wizards
  Ijyb (D:3)
  Crazy Yiuf (D:7)
  Natasha (thrice) (D:3)
  3 iguanas
  7 worker ants
  3 mummies (Ossuary)
  3 hound skeletons
  Robin (D:3)
  A worker ant zombie (D:10)
  2 howler monkey skeletons
  10 gnolls
  3 scorpion zombies (Ossuary)
  20 adders
  3 river rats
  2 shadow imps
  3 oozes (Sewer)
  An adder zombie (D:7)
  An adder skeleton (D:9)
  6 worms
  3 dart slugs
  5 leopard geckos
  77 orcs
  9 giant cockroaches
  6 gnoll zombies
  15 goblins
  8 hobgoblins
  3 jackals (D:6)
  3 quokkas
  7 ball pythons
  6 bats
  5 frilled lizards
  2 goblin zombies (Ossuary)
  3 hobgoblin zombies (Ossuary)
  A jackal zombie (D:5)
  21 kobolds
  A kobold zombie (Ossuary)
  A leopard gecko skeleton (D:4)
  An orc zombie (Ossuary)
  A quokka skeleton (D:6)
  12 rats
  6 plants (Lair:6)
769 creatures vanquished.

Vanquished Creatures (collateral kills)
  Edmund (D:6)
  A sky beast (D:8)
2 creatures vanquished.

Vanquished Creatures (others)
  A dancing weapon (D:15)
  A centaur (D:15)
  An orc (Orc:2)
  2 fungi
  5 plants
10 creatures vanquished.

Grand Total: 781 creatures vanquished

Notes
Turn   | Place    | Note
-------+----------+-------------------------------------------
     0 | D:1      | Jesh the Spriggan Enchanter began the quest for the Orb.
     0 | D:1      | Reached XP level 1. HP: 9/9 MP: 5/5
    16 | D:1      | Found a glowing golden altar of the Shining One.
   442 | D:1      | Reached XP level 2. HP: 13/13 MP: 7/7
   446 | D:1      | Learned a level 2 spell: Ensorcelled Hibernation
  1494 | D:2      | Reached XP level 3. HP: 14/16 MP: 6/9
  1499 | D:2      | Learned a level 3 spell: Confuse
  1503 | D:2      | Learned a level 3 spell: Tukima's Dance
  1829 | D:2      | Found a faded altar of an unknown god.
  2059 | D:2      | Reached skill level 5 in Hexes
  2059 | D:2      | Reached XP level 4. HP: 21/21 MP: 3/11
  2716 | D:2      | Learned a level 3 spell: Dazzling Spray
  3076 | D:3      | Reached skill level 5 in Stealth
  3076 | D:3      | Reached XP level 5. HP: 24/24 MP: 7/13
  3279 | D:3      | Noticed Natasha
  3397 | D:3      | Killed Natasha
  3397 | D:3      | Reached skill level 6 in Stealth
  3448 | D:3      | Noticed Natasha
  3462 | D:3      | Killed Natasha
  3694 | D:3      | Noticed Ijyb
  3708 | D:3      | Noticed Robin
  3723 | D:3      | Reached skill level 7 in Stealth
  3745 | D:3      | Killed Ijyb
  3747 | D:3      | Reached XP level 6. HP: 24/28 MP: 10/14
  3820 | D:3      | Killed Robin
  3873 | D:3      | Found a burning altar of Makhleb.
  3875 | D:3      | Noticed a blizzard demon
  3877 | D:3      | Found a glowing silver altar of Zin.
  3878 | D:3      | Noticed an angel
  4162 | D:3      | Noticed Natasha
  4172 | D:3      | Killed Natasha
  4302 | D:4      | Reached skill level 8 in Stealth
  4406 | D:4      | Reached skill level 9 in Stealth
  4672 | D:4      | Reached XP level 7. HP: 29/32 MP: 15/15
  4713 | D:4      | Got a crude amethyst amulet
  4714 | D:4      | Identified the amulet "Ustih" {Gourm MP+9 Str+7 Int+5} (You
                  | took it off a gnoll on level 4 of the Dungeon)
  4859 | D:4      | Found an iron altar of Okawaru.
  5061 | D:4      | Reached skill level 10 in Stealth
  5277 | D:5      | Entered Level 5 of the Dungeon
  5436 | D:5      | Found an opulent altar of Gozag.
  5606 | D:5      | Found a glowing drain.
  5651 | Sewer    | Entered a sewer
  6231 | Sewer    | Reached skill level 11 in Stealth
  6888 | Sewer    | Reached skill level 12 in Stealth
  7647 | D:5      | Reached XP level 8. HP: 36/36 MP: 16/16
  7678 | D:5      | Reached skill level 13 in Stealth
  7971 | D:6      | Found a radiant altar of Vehumet.
  8009 | D:6      | Reached skill level 14 in Stealth
  8268 | D:6      | Reached skill level 15 in Stealth
  8521 | D:6      | Reached skill level 5 in Spellcasting
  8732 | D:6      | HP: 1/37 [orc warrior/short sword (15)]
  9130 | D:6      | Reached skill level 1 in Fighting
  9130 | D:6      | Reached XP level 9. HP: 19/41 MP: 17/17
  9398 | D:6      | Noticed Edmund
  9408 | D:6      | Killed Edmund
  9608 | D:6      | Found a blossoming altar of Fedhas.
 10299 | D:7      | Reached skill level 5 in Dodging
 10438 | D:7      | Found a white marble altar of Elyvilon.
 10477 | D:7      | Found a radiant altar of Vehumet.
 10506 | D:7      | Found a runed door.
 10510 | D:7      | Noticed Crazy Yiuf
 10514 | D:7      | Killed Crazy Yiuf
 10608 | D:7      | Found a staircase to the Ecumenical Temple.
 10662 | Temple   | Entered the Ecumenical Temple
 10907 | Temple   | Became a worshipper of Dithmenos the Shadowed
 11169 | D:8      | Found a sand-covered staircase.
 11173 | Ossuary  | Entered an ossuary
 11740 | Ossuary  | Reached * piety under Dithmenos
 11943 | Ossuary  | Reached XP level 10. HP: 48/48 MP: 21/21
 12251 | D:8      | Noticed Joseph
 12271 | D:8      | Killed Joseph
 12487 | D:8      | Reached skill level 16 in Stealth
 12513 | D:8      | Found Voliy's Jewellery Boutique.
 12786 | D:8      | Found a radiant altar of Vehumet.
 12871 | D:9      | Found a sparkling altar of Nemelex Xobeh.
 12903 | D:9      | Reached skill level 5 in Short Blades
 12912 | D:9      | Reached ** piety under Dithmenos
 13013 | D:9      | Found a basalt altar of Yredelemnul.
 13052 | D:9      | Noticed Erica
 13066 | D:9      | Killed Erica
 13542 | D:9      | Found a staircase to the Orcish Mines.
 13542 | D:9      | Found a staircase to the Lair.
 13831 | D:9      | Found the +5 scythe "Finisher" {speed, Str+3}
 13972 | D:10     | Entered Level 10 of the Dungeon
 13972 | D:10     | Noticed a gargoyle
 13975 | D:10     | Reached *** piety under Dithmenos
 13982 | D:10     | Killed a gargoyle
 14024 | D:10     | Reached XP level 11. HP: 49/53 MP: 24/24
 14283 | D:10     | Gained mutation: You are partially covered in large bone
                  | plates. (SH +4) [potion of mutation]
 14283 | D:10     | Gained mutation: Your mind is acute. (Int +2) [potion of
                  | mutation]
 14710 | D:10     | Reached **** piety under Dithmenos
 14923 | D:11     | Noticed an unseen horror
 14935 | D:11     | Killed an unseen horror
 14935 | D:11     | Reached skill level 17 in Stealth
 15051 | D:11     | Found a frozen archway.
 15079 | D:11     | Reached skill level 5 in Fighting
 15193 | IceCv    | Entered an ice cave
 15367 | D:11     | Found a flagged portal.
 15372 | Bailey   | Entered a bailey
 15372 | Bailey   | Noticed an orc knight
 15372 | Bailey   | Noticed an orc knight
 15531 | Bailey   | Killed an orc knight
 15533 | Bailey   | Killed an orc knight
 15621 | Bailey   | Noticed an orc knight
 15635 | Bailey   | Killed an orc knight
 15635 | Bailey   | Reached skill level 10 in Dodging
 15737 | D:11     | Noticed Josephine
 15891 | D:11     | Killed Josephine
 15891 | D:11     | Reached XP level 12. HP: 60/60 MP: 26/26
 16412 | D:12     | Reached ***** piety under Dithmenos
 16427 | D:12     | Noticed an ogre mage
 16431 | D:12     | Found a runed door.
 16439 | D:12     | Killed an ogre mage
 16440 | D:12     | Reached skill level 10 in Hexes
 16469 | D:12     | Noticed a two-headed ogre
 16478 | D:12     | Killed a two-headed ogre
 16486 | D:12     | Got a crude lapis lazuli ring
 16487 | D:12     | Reached skill level 10 in Spellcasting
 16559 | D:12     | Identified the ring "Tyschuig" {*Contam rC++ rN+ Int+4}
                  | (You found it on level 12 of the Dungeon)
 16562 | D:12     | Got a smoking copper ring
 16564 | D:12     | Identified the ring of Yher {rN+ MR- AC+1 Str+2} (You found
                  | it on level 12 of the Dungeon)
 16569 | D:12     | Got an ancient copper ring
 16589 | D:12     | Got a steaming silver amulet
 16668 | D:12     | Identified the ring of Doubts {+Blink rF+ rC+ Str+6 Int-4}
                  | (You took it off a wizard on level 12 of the Dungeon)
 16753 | D:12     | Identified the amulet of No Interval {Faith Int+3} (You
                  | took it off a yaktaur on level 12 of the Dungeon)
 16994 | D:12     | Noticed Nessos
 17007 | D:12     | Killed Nessos
 17007 | D:12     | Reached skill level 18 in Stealth
 17389 | D:13     | Found a gate to the Vaults.
 17744 | D:13     | Noticed Frances
 17748 | D:13     | Killed Frances
 17790 | D:13     | Reached XP level 13. HP: 65/65 MP: 28/28
 18831 | D:14     | Found a sacrificial altar of Ru.
 18918 | D:15     | Entered Level 15 of the Dungeon
 19131 | D:15     | Found a blossoming altar of Fedhas.
 19154 | D:15     | Reached skill level 10 in Short Blades
 19522 | D:15     | Reached skill level 19 in Stealth
 19728 | D:15     | Found a portal to a secret trove of treasure.
 20092 | D:15     | Reached XP level 14. HP: 67/72 MP: 30/30
 20189 | D:15     | Found a staircase to the Depths.
 20631 | Lair:1   | Entered Level 1 of the Lair of Beasts
 20931 | Lair:1   | Reached ****** piety under Dithmenos
 21695 | Lair:2   | Found a runed gate.
 21696 | Lair:2   | Found a runed gate.
 21696 | Lair:2   | Found a runed gate.
 21704 | Lair:2   | Noticed Xiuny's ghost (journeyman GrFi)
 21846 | Lair:2   | Found a staircase to the Snake Pit.
 21965 | Lair:2   | Learned a level 3 spell: Spectral Weapon
 22968 | Lair:3   | Noticed Fannar
 22979 | Lair:3   | Found a staircase to the Swamp.
 22982 | Lair:3   | Killed Fannar
 25328 | Lair:5   | Found a runed door.
 25570 | Lair:5   | Noticed an entropy weaver
 25589 | Lair:5   | Killed an entropy weaver
 25751 | Lair:5   | Noticed an entropy weaver
 25753 | Lair:5   | Killed an entropy weaver
 25753 | Lair:5   | Reached skill level 20 in Stealth
 25757 | Lair:5   | Got a jewelled dagger
 25759 | Lair:5   | Got a transparent lead ring
 25766 | Lair:5   | Identified the ring "Cyn Tugo" {+Fly EV+3 Int+2} (You found
                  | it on level 5 of the Lair of Beasts)
 25769 | Lair:5   | Identified the +11 dagger "Feugilalo" {freeze, rF- rC+++
                  | Str-4 Stlth+} (You found it on level 5 of the Lair of
                  | Beasts)
 25835 | Lair:6   | Entered Level 6 of the Lair of Beasts
 25885 | Lair:6   | Found a viscous altar of Jiyva.
 25885 | Lair:6   | Found a staircase to the Slime Pits.
 25896 | Slime:1  | Entered Level 1 of the Pits of Slime
 25896 | Slime:1  | Noticed an acid blob
 25905 | Slime:1  | Killed an acid blob
 25905 | Slime:1  | Reached XP level 15. HP: 61/78 MP: 32/32
 27913 | Orc:1    | Entered Level 1 of the Orcish Mines
 28434 | Orc:2    | Entered Level 2 of the Orcish Mines
 29266 | Orc:2    | Found a runed gate.
 29267 | Orc:2    | Found a runed gate.
 29268 | Orc:2    | Found a runed gate.
 29269 | Orc:2    | Found a roughly hewn altar of Beogh.
 29272 | Orc:2    | Noticed yrara's ghost (journeyman DsFi)
 29273 | Orc:2    | Noticed an orc warlord
 29455 | Orc:2    | Found a staircase to the Elven Halls.
 29811 | Orc:2    | Noticed Saint Roka
 29811 | Orc:2    | Noticed Urug
 29814 | Orc:2    | Found a roughly hewn altar of Beogh.
 29815 | Orc:2    | Noticed Nergalle
 29823 | Orc:2    | Killed Nergalle
 29823 | Orc:2    | Killed Urug
 29823 | Orc:2    | Reached skill level 15 in Dodging
 29844 | Orc:2    | Killed Saint Roka
 30215 | Orc:2    | Noticed Blork the orc
 30228 | Orc:2    | Killed Blork the orc
 30447 | Orc:2    | Found Sueromeu's Antique Weapon Shoppe.
 30479 | Orc:2    | Found Koja's General Store.
 30740 | Orc:2    | Found Mafach's Antique Armour Shoppe.
 30772 | Orc:2    | Found Unatugga's Jewellery Shoppe.
 30998 | Orc:2    | Slain by yrara's ghost

Vault maps used:
D:1:      grunt_arrival_crossed_arrows, tso_altar
D:2:      chequers_ecumenical_altar_island
D:3:      grunt_temple_overflow_order_and_chaos_2, first_ration, uniq_natasha,
          uniq_robin, uniq_ijyb
D:4:      okawaru_metal_pillars_1_2
D:5:      portal_sewer_entry_b, basic_altar, kennysheep_generic_room_5
D:6:      fedhas_altar_3, basic_altar, uniq_edmund
D:7:      elyvilon_altar_3, temple_pool_b, grunt_ogre_cave, lemuel_statue_altar,
          uniq_crazy_yiuf_cottage
D:8:      lemuel_round_altar, enter_ossuary_5, serial_shops, shop, uniq_joseph
D:9:      lemuel_zombie_altar_yredelemnul, nicolae_overflow_crystal_walls,
          lair_entry_dummy, orc_0_dummy, minmay_guarded_unrand_finisher,
          uniq_erica
D:11:     portal_ice_cave_demonic_guard, enter_bailey_3, uniq_josephine
D:12:     minmay_the_grid_triangle_9x9_rhombus_thin_mashed, minivault_4,
          minmay_sticks_and_stones, uniq_nessos
D:13:     david_vaults_2, uniq_frances
D:14:     serial_bayou_pond_e, nicolae_ru_the_path_less_chosen
D:15:     grunt_enter_depths_magical_seal, basic_altar, minmay_misc_feat_rows,
          nicolae_trove_entry_crystal
Temple:   minmay_temple_curvy_branch
Lair:1:   st_stairs_12, beast_lair_carwin_4
Lair:2:   minmay_snake_entry_six_corridors, maelrawn_ghost_labyrinth_escape
Lair:3:   swamp_mist_pool, serial_forest, infiniplex_forest_straight_5,
          infiniplex_forest_clump_diagonal, infiniplex_forest_lined_3,
          infiniplex_forest_clump_small, infiniplex_forest_lined_room_3,
          uniq_fannar
Lair:4:   roderic_carrion_pond
Lair:5:   gammafunk_mikee_crab_dinner
Lair:6:   due_jungle_book, slime_altar_1
Slime:1:  cheibrodos_slime_lost_civilization_9
Orc:2:    grunt_orc_cross, biasface_ghost_orc_armoury
Sewer:    sewer_co_tree
Ossuary:  ossuary_minmay_scorpions
Bailey:   bailey_polearm_4, bailey
IceCv:    ice_cave_tombish

Skill      XL: |  1  2  3  4  5  6  7  8  9 10 11 12 13 14 15 |
---------------+----------------------------------------------+-----
Spellcasting   | 3 4 5 6 8 9 10 11 12 13 | 13.4
Hexes          | 4 5 7 8 9 10 11 13 | 13.7
Stealth        | 5 7 9 12 15 16 17 18 19 20 | 20.6
Short Blades   | 2 4 6 7 9 10 11 12 | 12.1
Fighting       | 1 2 4 5 6 7 8 9 |  9.2
Dodging        | 6 8 10 11 12 14 15 | 15.1

Action                   |  1- 3 |  4- 6 |  7- 9 | 10-12 | 13-15 || total
-------------------------+-------+-------+-------+-------+-------++-------
Melee: Dagger            |    85 |    90 |       |       |       ||   175
       Short sword       |       |   120 |   338 |   462 |   874 ||  1794
 Cast: Corona            |     4 |       |       |       |       ||     4
       Ensorcelled Hiber |    15 |    29 |    60 |    59 |    37 ||   200
       Confuse           |       |     4 |    34 |    87 |    64 ||   189
       Dazzling Spray    |       |       |     4 |    10 |    68 ||    82
       Tukima's Dance    |       |       |     1 |       |     1 ||     2
Invok: Shadow Step       |       |       |       |     2 |     5 ||     7
Evoke: Wand              |       |       |       |       |     8 ||     8
       Sack of spiders   |       |       |       |       |     2 ||     2
       Lightning rod     |       |       |       |       |     1 ||     1
  Use: Scroll            |     5 |     6 |     7 |    17 |    17 ||    52
       Potion            |       |     3 |       |     5 |     3 ||    11
 Stab: Sleeping          |    18 |    27 |    70 |    77 |   110 ||   302
       Confused          |       |     2 |    18 |    32 |    19 ||    71
       Distracted        |       |       |     2 |     2 |     9 ||    13
       Invisible         |       |       |     1 |     7 |    25 ||    33
  Eat: Ration            |       |     2 |     4 |     3 |     7 ||    16
Armor: Robe              |    12 |    14 |    12 |    17 |    36 ||    91
Dodge: Dodged            |    79 |   146 |   226 |   377 |   609 ||  1437
Block: Other             |       |       |       |    30 |    81 ||   111

Table legend:
 A = Non-vault XP
 B = Vault XP
 C = Vault XP percentage of total XP
 D = Non-vault monster count
 E = Vault monster count
 F = Vault count percentage of total count
                 A         B        C        D         E       F
            +---------+---------+-------+---------+---------+-------
      Total |   82195 |   55075 |  40.1 |     535 |     231 |  30.2
            +---------+---------+-------+---------+---------+-------
        D:1 |      35 |       0 |   0.0 |      21 |       0 |   0.0
        D:2 |     141 |       0 |   0.0 |      23 |       0 |   0.0
        D:3 |     166 |     111 |  40.1 |      22 |      13 |  37.1
        D:4 |     391 |       0 |   0.0 |      20 |       0 |   0.0
        D:5 |     361 |      21 |   5.5 |      11 |       7 |  38.9
        D:6 |    1644 |      86 |   5.0 |      33 |       1 |   2.9
        D:7 |     915 |     152 |  14.2 |      15 |       2 |  11.8
        D:8 |    1159 |     445 |  27.7 |      23 |       1 |   4.2
        D:9 |    1273 |    1877 |  59.6 |      33 |       8 |  19.5
       D:10 |    4324 |       0 |   0.0 |      33 |       0 |   0.0
       D:11 |    2804 |    2373 |  45.8 |      22 |      10 |  31.2
       D:12 |    1210 |    8061 |  86.9 |      13 |      16 |  55.2
       D:13 |    1674 |    3948 |  70.2 |       8 |       4 |  33.3
       D:14 |   11825 |       0 |   0.0 |      40 |       0 |   0.0
       D:15 |   13902 |    4068 |  22.6 |      42 |      10 |  19.2
     Lair:1 |    3298 |    1381 |  29.5 |      16 |       5 |  23.8
     Lair:2 |    2385 |    1300 |  35.3 |      11 |      12 |  52.2
     Lair:3 |    5368 |     873 |  14.0 |      23 |       1 |   4.2
     Lair:4 |    2001 |     454 |  18.5 |       6 |       4 |  40.0
     Lair:5 |    5913 |   10572 |  64.1 |      19 |      12 |  38.7
     Lair:6 |   11410 |    2747 |  19.4 |      28 |       5 |  15.2
    Slime:1 |    3824 |       0 |   0.0 |       4 |       0 |   0.0
      Orc:1 |    3199 |       0 |   0.0 |      36 |       0 |   0.0
      Orc:2 |    2973 |   11353 |  79.2 |      33 |      41 |  55.4
      Sewer |       0 |     343 | 100.0 |       0 |      28 | 100.0
    Ossuary |       0 |    1048 | 100.0 |       0 |      32 | 100.0
     Bailey |       0 |    3415 | 100.0 |       0 |      18 | 100.0
      IceCv |       0 |     447 | 100.0 |       0 |       1 | 100.0
            +---------+---------+-------+---------+---------+-------
